 Dungeon Sprint DCSS version 0.31-a0-145-g046c7d2549 (webtiles) character file.

Game seed: 11145117727687517013

303 Darkkill the Charlatan (level 6, 0/60 HPs)
             Began as a Draconian Artificer on June 6, 2023.
             Was an Initiate of Gozag.
             Killed by divine providence
             ... invoked by an orc priest
              (13 damage)
             ... in the Dungeon (Sprint VII: "The Pits").
             The game lasted 00:02:01 (306 turns).

Darkkill the Charlatan (Draconian Artificer)         Turns: 306, Time: 00:02:02

Health: 0/60       AC: 13    Str: 16    XL:     6   Next: 15%
Magic:  6/6        EV: 14    Int: 11    God:    Gozag
Gold:   513        SH:  0    Dex: 12    Spells: 5/5 levels left

rFire   . . .        o - +1 quarterstaff (protect)
rCold   . . .        (shield currently unavailable)
rNeg    . . .        (body armour unavailable)
rPois   .            (helmet restricted)
rElec   .            (no cloak)
rCorr   .            (no gloves)
SInv    .            (no boots)
Will    .....        (no amulet)
Stlth   +++          (no ring)
HPRegen 0.30/turn    (no ring)
MPRegen 0.10/turn

%: no teleportation
@: gold aura, under a protective aura
A: AC +6, unfitting armour, cold-blooded
a: Renounce Religion, Potion Petition, Call Merchant, Bribe Branch


You were in the Dungeon.
You worshipped Gozag.
Gozag was pleased with you.
You visited 1 branch You collected 513 gold pieces.

Inventory:

Hand Weapons
 o - a +1 quarterstaff of protection (weapon)
Missiles
 l - 11 stones
Wands
 b - a wand of flame (15) (quivered)
 c - a wand of charming (15)
 d - a wand of iceblast (5)
Scrolls
 m - 5 scrolls of amnesia
Potions
 a - 2 potions of invisibility
 e - 5 potions of curing {@q1}
 f - 3 potions of heal wounds
 g - a potion of haste
 h - 4 potions of magic
 i - 3 potions of berserk rage


   Skills:
 + Level 7.1 Fighting
 + Level 6.2 Dodging
 + Level 6.4 Stealth
 + Level 7.1 Evocations


You had 5 spell levels left.
You didn't know any spells.
Your spell library was empty.

Dungeon Overview and Level Annotations

Branches:
Dungeon (1/1)

Altars:
Ashenzari
Cheibriados
Dithmenos
Elyvilon
Fedhas
Gozag
Hepliaklqana
Kikubaaqudgha
Makhleb
Nemelex Xobeh
Okawaru
Qazlal
Ru
Sif Muna
Trog
Uskayaw
Vehumet
Wu Jian
Xom
Yredelemnul
Zin
The Shining One
Jiyva
Lugonu


Innate Abilities, Weirdness & Mutations

Your plain brown scales are hard. (AC +6)
You cannot fit into any form of body armour.
You are cold-blooded and may be slowed by cold attacks.


Message History

The ice beast is moderately wounded.
The ice beast hits you. The ice beast freezes you!
You feel yourself slow down.
The ice beast is distracted by your dazzling golden aura.
You hit the ice beast.
Your weapon exudes an aura of protection.
The ice beast is no longer distracted by gold.
You tail-slap the ice beast, but do no damage.
The ice beast is moderately wounded.
The ice beast hits you but does no damage.
You hit the ice beast.
The ice beast is heavily wounded.
You feel yourself speed up.
The gnoll is no longer distracted by gold.
The ice beast hits you. The ice beast freezes you!
The ice beast closely misses you.
You hit the ice beast but do no damage.
The ice beast is heavily wounded.
The ice beast closely misses you. The ice beast misses you.
You hit the ice beast.
The ice beast is heavily wounded.
The ice beast closely misses you.
An orc priest comes into view. It is wielding a +0 club.
You hit the ice beast.
You tail-slap the ice beast, but do no damage.
The ice beast is severely wounded.
The ice beast hits you but does no damage.
You hit the ice beast.
Your tail-slap misses the ice beast.
The ice beast is almost dead.
The ice beast barely misses you.
The ice beast hits you but does no damage.
You barely miss the ice beast.
The ice beast is almost dead.
The ice beast hits you but does no damage.
The orc priest calls down the wrath of Beogh upon you.
Beogh smites you!
You closely miss the ice beast.
The ice beast is almost dead.
The ice beast closely misses you.
You feel much better. The ice beast barely misses you.
You feel much better. The ice beast closely misses you.
You hit the ice beast.
Your weapon exudes an aura of protection.
You kill the ice beast!
The orc priest mumbles some strange prayers to Beogh against you.
Beogh smites you!
Your Fighting skill increases to level 7!
Your Dodging skill increases to level 6!
Your Stealth skill increases to level 6!
Your Evocations skill increases to level 7!
You have reached level 6!
Your scales feel tougher.
You hit the gnoll. You tail-slap the gnoll.
The gnoll is heavily wounded.
The gnoll hits you with a +0 flail. The gnoll hits you with a +0 flail!
An orc wizard comes into view. It is wielding a +0 dagger.
The orc wizard shouts!
You hit the gnoll but do no damage. You tail-slap the gnoll.
The gnoll is heavily wounded.
You hear a shout!
The gnoll completely misses you.
You closely miss the gnoll.
The gnoll is heavily wounded.
The gnoll barely misses you.
You sock the gnoll!
You kill the gnoll!
The orc priest mumbles some strange prayers to Beogh against you.
Beogh smites you!
The ufetubus is distracted by your dazzling golden aura.
The orc priest looks encouraged for a moment.
You catch the helpless ufetubus completely off-guard!
You hit the ufetubus.
The ufetubus is no longer distracted by gold.
The ufetubus is lightly wounded.
The ufetubus hits you but does no damage. x2
The ufetubus closely misses you. x2
You hit the ufetubus.
Your tail-slap misses the ufetubus.
The ufetubus is moderately wounded.
The ufetubus closely misses you. x2
The orc priest mumbles some strange prayers to Beogh against you.
Beogh smites you!
* * * LOW HITPOINT WARNING * * *
The ufetubus hits you but does no damage.
The ufetubus hits you.
* * * LOW HITPOINT WARNING * * *
You hear a shout!
You barely miss the ufetubus.
Your tail-slap misses the ufetubus.
The ufetubus is moderately wounded.
You hear a shout!
The ufetubus closely misses you.
The ufetubus hits you but does no damage.
The ufetubus barely misses you. x2
You barely miss the ufetubus.
The ufetubus is moderately wounded.
The ufetubus hits you but does no damage.
The ufetubus misses you.
The orc priest invokes the aid of Beogh against you.
Beogh smites you!
You die...
Your body crumbles into a pile of gold.

#_________.#
#_________.#
#_______...#######
##########'##.....
#.?..')))'.##.....
##########.##.....
#...........'.....
#'#####'#####.....
#@#..#..#[[##.....
#5#..'..#))#####'#
#g#..####))##.....
#o#..#..#))##.....
#o#..#..#..##.....
#o##)#..#'###...<.
#g#........##.....
#.#........##.....
#'###########.....


You could see 2 orc priests, an orc wizard, 2 gnolls and an ufetubus.

Vanquished Creatures
  A floating eye (D)
  An ice beast (D)
  3 gnolls (D)
  2 orcs (D)
  2 giant cockroaches (D)
  A ball python (D)
  A frilled lizard (D)
  A giant cockroach zombie (D)
  A kobold (D)
  A quokka skeleton (D)
14 creatures vanquished.

Vanquished Creatures (collateral kills)
  A gnoll sergeant (D)
  An ufetubus (D)
  An orc (D)
3 creatures vanquished.

Grand Total: 17 creatures vanquished

Notes
Turn   | Place    | Note
-------+----------+-------------------------------------------
     0 | D        | Darkkill the Draconian Artificer began the quest for the
                  | Orb.
     0 | D        | Reached XP level 1. HP: 16/16 MP: 1/1
    15 | D        | Reached skill level 1 in Stealth
    47 | D        | Found a bloodstained altar of Trog.
    47 | D        | Found a shimmering blue altar of Sif Muna.
    47 | D        | Found a viscous altar of Jiyva.
    47 | D        | Found a hazy altar of Hepliaklqana.
    47 | D        | Found an opulent altar of Gozag.
    48 | D        | Found a glowing golden altar of the Shining One.
    48 | D        | Found a glowing silver altar of Zin.
    48 | D        | Found a basalt altar of Yredelemnul.
    48 | D        | Found a shimmering altar of Xom.
    48 | D        | Found an ornate altar of the Wu Jian Council.
    48 | D        | Found a sacrificial altar of Ru.
    48 | D        | Found a stormy altar of Qazlal.
    48 | D        | Found an iron altar of Okawaru.
    48 | D        | Found a sparkling altar of Nemelex Xobeh.
    48 | D        | Found a burning altar of Makhleb.
    48 | D        | Found a blossoming altar of Fedhas.
    48 | D        | Found a white marble altar of Elyvilon.
    48 | D        | Found a shadowy altar of Dithmenos.
    48 | D        | Found a snail-covered altar of Cheibriados.
    50 | D        | Found a radiant altar of Vehumet.
    50 | D        | Found a corrupted altar of Lugonu.
    51 | D        | Found a hide-covered altar of Uskayaw.
    51 | D        | Found an ancient bone altar of Kikubaaqudgha.
    51 | D        | Found a broken altar of Ashenzari.
    63 | D        | Became a worshipper of Gozag Ym Sagoz the Greedy
    76 | D        | Noticed a floating eye
    81 | D        | Killed a floating eye
    82 | D        | Reached skill level 5 in Evocations
    82 | D        | Reached XP level 2. HP: 28/28 MP: 2/2
    82 | D        | Reached XP level 3. HP: 35/35 MP: 3/3
    82 | D        | Reached XP level 4. HP: 41/41 MP: 4/4
   107 | D        | Reached skill level 5 in Fighting
   251 | D        | Noticed a gnoll sergeant
   260 | D        | Noticed an ice beast
   268 | D        | Killed a gnoll sergeant
   269 | D        | Reached skill level 5 in Dodging
   269 | D        | Reached skill level 5 in Stealth
   269 | D        | Reached XP level 5. HP: 47/50 MP: 5/5
   297 | D        | Killed an ice beast
   298 | D        | Reached XP level 6. HP: 47/60 MP: 6/6
   304 | D        | HP: 12/60 [ufetubus (2)]
   306 | D        | Killed from afar by an orc priest

Illustrated notes

Levels and vault maps discovered:
D:        pitsprint [storerooms_1, entrance_room_1, metal_vault_4, armoury_2,
          mini_pit_1, grid_room_1, main_hall_1, silver_pit, the_coven_3,
          the_vestibule_1, steel_vault_3, golden_pit, hallway_of_sentries,
          crystal_vault_1, iron_vault_3, final_vault]

Skill      XL: |  1  2  3  4  5 |
---------------+----------------+-----
Stealth        | 4 5 6 |  6.4
Fighting       | 4 6 7 |  7.1
Dodging        | 4 5 6 |  6.2
Evocations     | 5 6 7 |  7.1

Action                     |  1- 3 |  4- 6 || total
---------------------------+-------+-------++-------
  Melee: Quarterstaff      |     3 |    52 ||    55
         Club              |     2 |       ||     2
         Tailslap          |     1 |    10 ||    11
    Use: Potion            |       |     4 ||     4
         Scroll            |       |     2 ||     2
   Stab: Sleeping          |       |     1 ||     1
         Distracted        |       |     1 ||     1
 Armour: Skin              |       |    25 ||    25
  Dodge: Dodged            |     3 |    57 ||    60

Table legend: (Time is in decaauts)
 A = Elapsed time spent in this place.
 B = Non-inter-level travel time spent in this place.
 C = Inter-level travel time spent in this place.
 D = Time resting spent in this place.
 E = Time spent auto-exploring this place.
 F = Levels seen in this place.
 G = Mean time per level.
                   A        B        C        D        E       F      G
               +--------+--------+--------+--------+--------+-----+--------+
         Total |    323 |    323 |      0 |      0 |      0 |   1 |  323.0 |
       Dungeon |    323 |    323 |      0 |      0 |      0 |   1 |  323.0 |
               +--------+--------+--------+--------+--------+-----+--------+

Top non-repeatable levels by time:
       D: 323 daAuts

Levels and vault maps discovered:
D:        pitsprint [storerooms_1, entrance_room_1, metal_vault_4, armoury_2,
          mini_pit_1, grid_room_1, main_hall_1, silver_pit, the_coven_3,
          the_vestibule_1, steel_vault_3, golden_pit, hallway_of_sentries,
          crystal_vault_1, iron_vault_3, final_vault]

Table legend: (Time is in decaauts)
 A = Elapsed time spent in this place.
 B = Non-inter-level travel time spent in this place.
 C = Inter-level travel time spent in this place.
 D = Time resting spent in this place.
 E = Time spent auto-exploring this place.
 F = Levels seen in this place.
 G = Mean time per level.
                   A        B        C        D        E       F      G
               +--------+--------+--------+--------+--------+-----+--------+
         Total |    323 |    323 |      0 |      0 |      0 |   1 |  323.0 |
       Dungeon |    323 |    323 |      0 |      0 |      0 |   1 |  323.0 |
               +--------+--------+--------+--------+--------+-----+--------+

Top non-repeatable levels by time:
       D: 323 daAuts

Table legend:
 A = Kills in this place as a percentage of kills in the entire game.
 B = Kills by you in this place as a percentage of kills by you in the entire game.
 C = Kills by friends in this place as a percentage of kills by friends in the entire game.
 D = Other kills in this place as a percentage of other kills in the entire game.
 E = Experience gained in this place as a percentage of experience gained in the entire game.
 F = Experience gained in this place divided by the number of levels of this place that you have seen.
                   A       B       C       D       E      F
               +-------+-------+-------+-------+-------+----------------------
         Total | 100.0 | 100.0 | 100.0 |   N/A | 100.0 | 434.0
       Dungeon | 100.0 | 100.0 | 100.0 |   N/A | 100.0 | 434.0
               +-------+-------+-------+-------+-------+----------------------
